 Dungeon Crawl Stone Soup version 0.19.5 (webtiles) character file.

27708 equalderp2856 the Unseen (level 13, -9/60 HPs)
             Began as a Felid Fighter on Mar 8, 2017.
             Shot with an arrow by a centaur warrior (17 damage)
             ... on level 13 of the Dungeon.
             The game lasted 03:22:56 (60343 turns).

equalderp2856 the Unseen (Felid Fighter)           Turns: 60343, Time: 03:22:56

Health: -9/60      AC:  3    Str: 13    XL:     13   Next: 5%
Magic:  27/27      EV: 27    Int: 13    God:
Gold:   1336       SH:  0    Dex: 16    Spells: 2 memorised, 29 levels left
                                        Lives:  0   Deaths: 4

rFire  + . .     SeeInvis +       - Unarmed
rCold  + . .     Gourm    .     (armour unavailable)
rNeg   . . .     Faith    .     (shield unavailable)
rPois  .         Spirit   .     (helmet unavailable)
rElec  .         Reflect  .     (cloak unavailable)
rCorr  .         Harm     .     (gloves unavailable)
MR     +....                    (boots unavailable)
Stlth  +++++++...               (no amulet)
                                w - ring of wizardry
                                I - ring of protection from fire

@: quick
A: no armour, no weapons or thrown items, stealth, claws 1, fangs 3, see
invisible, carnivore 3, speed 1, shaggy fur 3, slow metabolism 1, sharp paws
a: no special abilities


You were on level 13 of the Dungeon.
You were not hungry.

You visited 3 branches of the dungeon, and saw 20 of its levels.
You also visited: Ossuary and Ice Cave.

You collected 1336 gold pieces.

Inventory:

Missiles
 y - 210 arrows
Magical Staves
 C - an uncursed staff of wizardry {unknown}
Jewellery
 i - an uncursed ring of magical power
 r - the ring of Isorees {rC+ MR- Dex-2 SInv}
   (You found it on level 8 of the Dungeon)

   [ring of dexterity]

   It affects your dexterity (-2).
   It protects you from cold.
   It affects your resistance to hostile enchantments.
   It lets you see invisible.
 w - a ring of wizardry (right paw)
 z - an uncursed ring of wizardry
 F - an uncursed ring of protection from magic
 I - a ring of protection from fire (left paw)
 P - an uncursed ring of teleportation
 Q - an uncursed ring of resist corrosion
 U - an uncursed ring of poison resistance
 Y - an uncursed amulet of the gourmand
Wands
 j - a wand of paralysis (10/24)
 u - a wand of disintegration (14/24)
 B - a wand of iceblast (11/15)
 G - a wand of slowing (16/48)
 J - a wand of iceblast (6/15)
 K - a wand of paralysis (9/24)
 L - a wand of disintegration (13/24)
 N - a wand of flame (16/48)
 O - a wand of slowing (28/48)
 W - a wand of confusion (10/48)
 Z - a wand of polymorph (9/24)
Scrolls
 f - 5 scrolls of teleportation
 g - 7 scrolls of noise
 k - 2 scrolls of identify
 m - 3 scrolls of amnesia
 n - 5 scrolls of magic mapping
 x - 4 scrolls of remove curse
 R - a scroll of fog
 S - 2 scrolls of recharging
Potions
 a - 3 potions of might
 c - 3 potions of cancellation
 d - 2 potions of resistance
 e - 4 potions of flight
 h - 7 potions of degeneration
 o - 3 potions of agility
 p - 2 potions of mutation
 q - 2 potions of magic
 s - 3 potions of haste
 v - 4 potions of berserk rage
 E - 3 potions of lignification
 T - a potion of brilliance
 V - a potion of beneficial mutation
Books
 D - a book of Cantrips

   Spells                             Type                      Level
   a - Confusing Touch                Hexes                        1
   b - Animate Skeleton               Necromancy                   1
   c - Summon Small Mammal            Summoning                    1
   d - Apportation                    Translocation                1
 H - a Young Poisoner's Handbook

   Spells                             Type                      Level
   a - Sting                          Conjuration/Poison           1
   b - Mephitic Cloud                 Conjuration/Poison/Air       3
   c - Olgreb's Toxic Radiance        Poison                       4
   d - Alistair's Intoxication        Transmutation/Poison         5
   e - Venom Bolt                     Conjuration/Poison           5
Comestibles
 b - 6 meat rations
 t - 8 bread rations
 A - 3 beef jerkies
 M - 9 royal jellies
 X - a slice of pizza


   Skills:
 + Level 8.9 Fighting
 + Level 11.8 Dodging
 + Level 16.2 Stealth
 + Level 14.8 Unarmed Combat
 + Level 9.8 Spellcasting
 + Level 11.4 Hexes
 + Level 6.3 Summonings


You had 29 spell levels left.
You knew the following spells:

 Your Spells              Type           Power        Failure   Level  Hunger
a - Confusing Touch       Hex            #####.       1%          1    None
b - Summon Small Mammal   Summ           ###.         1%          1    None


Dungeon Overview and Level Annotations

Branches:
Dungeon (13/15)            Temple (1/1) D:4            Lair (6/6) D:11
 Shoals (0/4) Lair:4       Spider (0/4) Lair:4        Slime (0/5) Lair:6
    Orc (0/2) D:10
 Vaults: D:13-14

Altars:
Ashenzari
Cheibriados
Dithmenos
Elyvilon
Fedhas
Gozag
Hepliaklqana
Kikubaaqudgha
Makhleb
Nemelex Xobeh
Okawaru
Qazlal
Ru
Sif Muna
Trog
Uskayaw
Vehumet
Xom
Yredelemnul
Zin
The Shining One
Jiyva

Shops:
D:4 *(   D:10 %   D:11 *   D:12 }([:


Innate Abilities, Weirdness & Mutations

You cannot wear armour.
You are incapable of wielding weapons or throwing items.
Your paws allow you to move quietly. (Stealth)
You have sharp claws.
You have razor-sharp teeth.
You have supernaturally acute eyesight. (SInv)
You are carnivorous and can eat meat at any time.
You cover ground quickly.
Your thick and shaggy fur keeps you warm. (AC +3, rC+)
You have a slow metabolism.
Your sharp claws are effective at attacking unaware monsters.


Message History

You scratch the centaur warrior but do no damage.
The centaur warrior is lightly wounded.
The centaur warrior hits you!
* * * LOW HITPOINT WARNING * * *
You feel better.
The centaur warrior completely misses you.
You scratch the centaur warrior but do no damage.
The centaur warrior closely misses you.
You barely miss the centaur warrior. The centaur warrior hits you!
* * * LOW HITPOINT WARNING * * *
You scratch the centaur warrior but do no damage.
The centaur warrior appears confused.
You bite the centaur warrior, but do no damage.
Your paws stop glowing.
The centaur warrior seems less confused.
The centaur warrior wields an uncursed shortbow.
The centaur warrior shoots an arrow.
The arrow misses you.
You see here an arrow.
The centaur warrior shoots an arrow.
The arrow hits you!
You die...

......##..........##..# #.#
.........c........##..# #.##
........(.........##..####...
.....####(........##.........
.c. #.........##....<.... .
#.........##[........
#.........##.........
#..(......##.........
#...@.....##.........
#.........##........)
#.........##.........
#...<.....##.........
#./.......##.........
#.........##.........
#.........##.........
........................
.........................


You could see a centaur warrior.

Vanquished Creatures
  Snorg (Lair:4)
  A fire dragon (Lair:6)
  7 hydras
  A catoblepas (Lair:6)
  2 alligators (Lair:5)
  The ghost of vatarom the Stormcaller, a novice TeAE of Sif Muna (D:10)
  A fire crab (Lair:5)
  A hill giant (D:13)
  An orb spider (Lair:4)
  A wolf spider (Lair:5)
  4 ugly things
  4 manticores
  A siren (Lair:4)
  3 cyclopes
  10 black mambas
  Joseph (D:8)
  24 elephants
  3 molten gargoyles (Lair:6)
  A gargoyle (D:12)
  18 spiny frogs
  3 rime drakes
  13 komodo dragons
  A kobold demonologist (D:11)
  7 trolls
  Grinder (D:3)
  A two-headed ogre (D:8)
  3 polar bears (IceCv)
  11 hippogriffs
  A slime creature (D:10)
  17 blink frogs
  10 dream sheep
  Sigmund (D:3)
  3 wyverns
  56 yaks
  A steam dragon (Lair:3)
  2 hungry ghosts
  A mottled dragon (Lair:6)
  8 basilisks
  14 water moccasins
  5 hell hounds (Lair:6)
  11 porcupines
  An ice beast (D:10)
  7 orc warriors
  3 sky beasts
  6 ogres
  2 black bears
  2 phantoms
  2 necrophages (D:10)
  11 wolves
  4 centaurs
  12 crocodiles
  7 elf zombies (Ossuary)
  2 big kobolds
  2 wyvern zombies
  25 bullfrogs
  A wyvern skeleton (D:11)
  6 scorpions
  14 killer bees
  5 wights (D:7)
  4 howler monkeys
  An electric eel (D:11)
  4 lava snakes (Lair:6)
  12 crimson imps
  A bullfrog zombie (D:6)
  6 centaur zombies
  2 quasits
  3 human zombies (Ossuary)
  5 hounds
  8 jellies
  7 orc priests
  2 centaur skeletons
  15 orc wizards
  5 bullfrog skeletons
  4 iguanas
  Natasha (thrice) (D:4)
  14 worker ants
  A hell rat (D:6)
  3 hound zombies
  3 mummies (Ossuary)
  A howler monkey zombie (D:7)
  A worker ant zombie (D:9)
  Robin (D:3)
  14 adders
  4 gnolls
  4 river rats (D:7)
  3 shadow imps
  11 oozes
  4 adder zombies
  3 adder skeletons
  A worm (D:1)
  6 leopard geckos
  58 orcs
  2 ball pythons
  12 bats
  9 giant cockroaches
  15 goblins
  10 hobgoblins
  14 jackals
  8 quokkas
  9 frilled lizards
  A jackal skeleton (D:4)
  15 kobolds
  A quokka zombie (D:9)
  32 rats
710 creatures vanquished.

Vanquished Creatures (collateral kills)
  A basilisk (Lair:6)
  A yak (Lair:3)
  A jelly (D:10)
  An ooze (D:10)
4 creatures vanquished.

Vanquished Creatures (others)
  26 fungi
  16 plants
42 creatures vanquished.

Grand Total: 756 creatures vanquished

Notes
Turn   | Place    | Note
-------+----------+-------------------------------------------
     0 | D:1      | equalderp2856 the Felid Fighter began the quest for the Orb.
     0 | D:1      | Reached XP level 1. HP: 10/10 MP: 2/2
     5 | D:1      | Found a runed door.
   616 | D:1      | Reached XP level 2. HP: 8/14 MP: 3/3
  1182 | D:1      | Reached XP level 3. HP: 16/17 MP: 4/4
  1195 | D:1      | Reached skill level 1 in Stealth
  2002 | D:2      | Reached XP level 4. HP: 20/21 MP: 5/5
  2374 | D:2      | Reached skill level 5 in Unarmed Combat
  3070 | D:2      | Reached skill level 5 in Dodging
  3192 | D:3      | Reached skill level 2 in Stealth
  3193 | D:3      | Noticed Sigmund
  3207 | D:3      | Killed Sigmund
  3207 | D:3      | Reached skill level 3 in Stealth
  3207 | D:3      | Reached XP level 5. HP: 24/24 MP: 6/6
  3207 | D:3      | Gained mutation: You are covered in thick fur. (AC +2) [Felid growth]
  3207 | D:3      | Reached XP level 6. HP: 28/28 MP: 7/7
  3483 | D:3      | Noticed Grinder
  3486 | D:3      | Found a shadowy altar of Dithmenos.
  3505 | D:3      | Killed Grinder
  3505 | D:3      | Reached skill level 4 in Stealth
  3571 | D:3      | Noticed Robin
  3816 | D:3      | Reached XP level 7. HP: 28/31 MP: 8/8
  3874 | D:3      | Killed Robin
  4169 | D:3      | Reached skill level 5 in Stealth
  4700 | D:4      | Found Esaocex's General Store.
  4787 | D:4      | Noticed Natasha
  4790 | D:4      | Killed Natasha
  4914 | D:4      | Found Ypriv's Antique Weapon Emporium.
  4979 | D:4      | Noticed Natasha
  4987 | D:4      | Killed Natasha
  5011 | D:4      | Found a staircase to the Ecumenical Temple.
  5333 | D:4      | Noticed Natasha
  5356 | D:4      | Killed Natasha
  6818 | Temple   | Entered the Ecumenical Temple
  7134 | D:5      | Entered Level 5 of the Dungeon
  7134 | D:5      | Noticed a hippogriff
  7197 | D:4      | Slain by a crimson imp
  7198 | D:4      | Reached XP level 6. HP: 0/28 MP: 7/7
  7289 | D:5      | Found a sand-covered staircase.
  7299 | Ossuary  | Entered an ossuary
  7377 | Ossuary  | Reached XP level 7. HP: 14/31 MP: 8/8
  8485 | Ossuary  | Reached XP level 8. HP: 34/36 MP: 9/9
  9197 | D:4      | Reached skill level 6 in Stealth
  9541 | D:4      | Slain by a hippogriff
  9542 | D:4      | Reached XP level 7. HP: -3/31 MP: 8/8
  9593 | D:4      | Killed a hippogriff
  9593 | D:4      | Reached skill level 10 in Unarmed Combat
 10104 | D:4      | Reached XP level 8. HP: 16/36 MP: 9/9
 10610 | D:5      | Found an opulent altar of Gozag.
 10754 | D:5      | Found a sparkling altar of Nemelex Xobeh.
 11955 | D:5      | Reached skill level 7 in Stealth
 12006 | D:6      | Learned a level 1 spell: Confusing Touch
 12008 | D:6      | Learned a level 1 spell: Summon Small Mammal
 12735 | D:6      | Reached XP level 9. HP: 39/39 MP: 8/10
 13246 | D:7      | Reached skill level 8 in Stealth
 13448 | D:7      | Reached skill level 1 in Hexes
 13454 | D:7      | Found a deep blue altar of Sif Muna.
 13692 | D:7      | Reached skill level 1 in Spellcasting
 13703 | D:7      | Found a basalt altar of Yredelemnul.
 14464 | D:8      | Noticed Joseph
 14642 | D:7      | Found an ancient bone altar of Kikubaaqudgha.
 16548 | D:8      | Reached skill level 9 in Stealth
 16706 | D:8      | Reached XP level 10. HP: 43/43 MP: 13/13
 16880 | D:8      | Got a scintillating wooden ring
 17177 | D:8      | Killed Joseph
 17177 | D:8      | Reached skill level 1 in Summonings
 17677 | D:9      | Found a shimmering altar of Xom.
 17862 | D:9      | Reached skill level 10 in Stealth
 18299 | D:9      | Reached skill level 10 in Dodging
 18861 | D:10     | Entered Level 10 of the Dungeon
 19089 | D:10     | Found a staircase to the Orcish Mines.
 19535 | D:10     | Noticed vatarom's ghost (novice TeAE)
 20010 | D:10     | HP: 1/43 [troll (14)]
 20940 | D:10     | HP: 1/43 [vatarom's ghost/bolt of lightning (42)]
 21501 | D:10     | Killed vatarom's ghost
 21501 | D:10     | Reached skill level 5 in Hexes
 21501 | D:10     | Reached XP level 11. HP: 16/46 MP: 17/17
 21711 | D:10     | Found Jaap Muwam's Food Shoppe.
 22822 | D:10     | Found a viscous altar of Jiyva.
 23219 | D:10     | Reached skill level 11 in Stealth
 24146 | D:11     | Noticed a purple ugly thing
 24427 | D:11     | Noticed a red ugly thing
 24441 | D:11     | Killed a red ugly thing
 24542 | D:11     | Killed a purple ugly thing
 24542 | D:11     | Reached skill level 5 in Spellcasting
 25630 | D:12     | Found Ahiden's Antique Armour Shop.
 25644 | D:12     | Noticed a cyan ugly thing
 25667 | D:12     | Found Zoulozum's Gadget Boutique.
 25711 | D:12     | Found Zios's Antique Weapon Boutique.
 26011 | D:12     | Found Raoph's Book Emporium.
 26585 | D:12     | Killed a cyan ugly thing
 26585 | D:12     | Reached skill level 12 in Stealth
 27112 | D:13     | Noticed a hill giant
 27131 | D:13     | Killed a hill giant
 27242 | D:13     | Noticed a skeletal warrior
 27243 | D:13     | Noticed a skeletal warrior
 27243 | D:13     | Noticed a skeletal warrior
 27563 | D:11     | Found a staircase to the Lair.
 27594 | D:11     | Found Oreidas's Assorted Antiques.
 28188 | D:11     | Gained mutation: Your thick and shaggy fur keeps you warm. (AC +3, rC+) [Felid growth]
 28188 | D:11     | Reached XP level 12. HP: 20/50 MP: 21/21
 29334 | Lair:1   | Entered Level 1 of the Lair of Beasts
 30414 | Lair:2   | Reached skill level 13 in Stealth
 32748 | Lair:3   | Reached skill level 5 in Fighting
 32909 | Lair:3   | Noticed a four-headed hydra
 32925 | Lair:3   | Killed a four-headed hydra
 35284 | Lair:4   | Noticed an eight-headed hydra
 35289 | Lair:4   | Reached XP level 13. HP: 52/59 MP: 23/23
 35715 | Lair:4   | Found a hole to the Spider Nest.
 35775 | Lair:4   | Found a burning altar of Makhleb.
 35932 | Lair:4   | Noticed Snorg
 37351 | Lair:4   | Found a staircase to the Shoals.
 37791 | Lair:1   | Identified the cursed ring of Isorees {rC+ MR- Dex-2 SInv} (You found it on level 8 of the Dungeon)
 38741 | Lair:4   | Killed Snorg
 38741 | Lair:4   | Reached skill level 14 in Stealth
 40516 | Lair:5   | Found a frozen archway.
 40527 | IceCv    | Entered an ice cave
 40705 | IceCv    | HP: 1/59 [wolf (10)]
 42650 | Lair:5   | Reached skill level 10 in Hexes
 43202 | Lair:6   | Entered Level 6 of the Lair of Beasts
 43422 | Lair:6   | Reached skill level 15 in Stealth
 45344 | Lair:3   | HP: 2/59 [dream sheep (10)]
 46488 | Lair:4   | Reached XP level 14. HP: 42/63 MP: 27/27
 47280 | Lair:6   | Reached skill level 5 in Summonings
 48257 | Lair:6   | Found a viscous altar of Jiyva.
 48259 | Lair:6   | Found a staircase to the Slime Pits.
 53844 | Lair:6   | Found a large runed door.
 54423 | Lair:6   | Slain by a molten gargoyle
 54424 | Lair:6   | Reached XP level 13. HP: -1/59 MP: 27/27
 54530 | Lair:6   | Found a large runed door.
 54531 | Lair:6   | Noticed a fire dragon
 55357 | Lair:6   | Reached skill level 16 in Stealth
 58714 | Lair:6   | Killed a fire dragon
 58955 | Lair:5   | Mangled by a wolf spider
 58956 | Lair:5   | Reached XP level 12. HP: -7/56 MP: 26/26
 58962 | Lair:5   | Reached XP level 13. HP: 21/60 MP: 27/27
 60343 | D:13     | Shot with an arrow by a centaur warrior

Skill      XL: |  1  2  3  4  5  6  7  8  9 10 11 12 13 14 |
---------------+-------------------------------------------+-----
Stealth        | 1 3 4 5 7 9 10 12 13 16 | 16.2
Unarmed Combat | 5 6 10 11 12 13 14 | 14.8
Dodging        | 5 6 7 8 9 10 11 | 11.8
Fighting       | 4 8 |  8.9
Hexes          | 2 5 6 8 10 11 | 11.4
Spellcasting   | 1 3 5 6 8 9 |  9.8
Summonings     | 1 3 6 5 |  6.3

Action                   |  1- 3 |  4- 6 |  7- 9 | 10-12 | 13-15 || total
-------------------------+-------+-------+-------+-------+-------++-------
Melee: Unarmed           |    89 |   161 |   757 |   946 |  1043 ||  2996
       Bite              |    10 |    12 |    82 |   135 |   166 ||   405
       Punch             |     1 |     4 |    35 |    73 |    96 ||   209
 Cast: Confusing Touch   |       |       |    16 |   198 |   275 ||   489
       Summon Small Mamm |       |       |    10 |    86 |   248 ||   344
  Use: Scroll            |       |       |    12 |    14 |    13 ||    39
       Potion            |       |       |       |       |     6 ||     6
 Stab: Distracted        |     2 |       |     6 |     7 |     2 ||    17
       Sleeping          |     1 |     6 |    16 |    23 |     8 ||    54
       Confused          |       |       |    11 |   111 |   139 ||   261
  Eat: Chunk             |     4 |     4 |    27 |    24 |    44 ||   103
       Beef jerky        |       |       |     1 |       |       ||     1
       Pizza             |       |       |       |     4 |       ||     4
       Royal jelly       |       |       |       |     2 |       ||     2
       Meat ration       |       |       |       |     1 |       ||     1
Armor: Skin              |     7 |    15 |    22 |    21 |    35 ||   100
Dodge: Dodged            |    77 |   159 |   655 |   620 |   941 ||  2452
